Workbook

Sheet MEDIÇÃO 1
A1: PREFEITURA MUNICIPAL DE SO ROQUE DO CANA Estado do Esprito Santo SECRETARIA MUNICIPAL DE OBRAS E SERVIÇOS URBANOS – SETOR DE ENGENHARIA
A13: BOLETIM DE | E13: =I18 -> MEDIÇÃO 01 | K13: DATA: 20/02/2025
A14: Obra: Reforma da quadra da EMEIEF “JOSEPHIR BOSCHETTI” | D14: CONTRATO Nº: | F14: 167/2024 | H14: Assinatura: 18/12/2024 | K14: INÍCIO: | M14: 45659
K15: TÉRMINO: | M15: 45719
A16: LOCAL: Comunidade de São Dalmácio, zona rural, s/n, Distrito Sede, São Roque do Canaã | D16: PERÍODO: | F16: 45659 | H16: a | I16: 45695 | K16: PRAZO: | M16: 60 DIAS
A17: EMPREITEIRA: CONSÓRCIO CINCO QUADRAS | F17: =I18 -> MEDIÇÃO 01 | I17: =L76 -> 88174.492 | K17: % MÊS: | L17: =H76 -> 0.94405238 | M17: % ACUM: | N17: =H77 -> 0.94405238
A18: ITEM | B18: ESPECIFICAÇÃO | C18: UNID. | D18: QUANT. | E18: PREÇO UNIT R$ | F18: ACUMULADO ANTERIOR | I18: MEDIÇÃO 01 | L18: TOTAL MEDIDO
F19: QUANT. | G19: TOTAL | H19: % | I19: QUANT. | J19: TOTAL | K19: % | L19: QUANT. | M19: TOTAL | N19: %
A20: 1 | B20: INSTALAÇÃO DO CANTEIRO DE OBRAS | J20: =SUM(J21:J22) -> 583.66117 | M20: =SUM(M21:M22) -> 583.66117
A21: 1.1 | B21: Placa de obra nas dimensões de 2.0 x 4.0 m, padrão DER | C21: m2 | D21: 2 | E21: 291.83059 | F21: 0 | G21: =F21*E21 -> 0 | H21: =F21/D21 -> 0 | I21: 2 | J21: =I21*E21 -> 583.66117 | K21: =I21/D21 -> 1 | L21: =F21+I21 -> 2 | M21: =G21+J21 -> 583.66117 | N21: =H21+K21 -> 1
A22: 1.2 | B22: Aluguel mensal container para almoxarifado, incl. porta, 2 janelas, 1 pt iluminação, Isolamento térmico (teto), piso em comp. Naval pintado, cert. NR18, incl. laudo descontaminação. | C22: ms | D22: 2 | E22: 943.09084 | F22: 0 | G22: =F22*E22 -> 0 | H22: =F22/D22 -> 0 | J22: =I22*E22 -> 0 | K22: =I22/D22 -> 0 | L22: =F22+I22 -> 0 | M22: =G22+J22 -> 0 | N22: =H22+K22 -> 0
A23: 2 | B23: SERVIÇOS PRELIMINARES | J23: =SUM(J24:J33) -> 10537.828 | M23: =SUM(M24:M33) -> 10537.828
A24: 2.1 | B24: Demolição de alvenaria | C24: m3 | D24: 0.95 | E24: 71.7977 | F24: 0 | G24: =F24*E24 -> 0 | H24: =F24/D24 -> 0 | I24: 0.2 | J24: =I24*E24 -> 14.35954 | K24: =I24/D24 -> 0.21052632 | L24: =F24+I24 -> 0.2 | M24: =G24+J24 -> 14.35954 | N24: =H24+K24 -> 0.21052632
A25: 2.2 | B25: Lixamento de parede com pintura antiga PVA para recebimento de nova camada de tinta | C25: m2 | D25: 206.34 | E25: 4.4970225 | F25: 0 | G25: =F25*E25 -> 0 | H25: =F25/D25 -> 0 | I25: 206.34 | J25: =I25*E25 -> 927.91562 | K25: =I25/D25 -> 1 | L25: =F25+I25 -> 206.34 | M25: =G25+J25 -> 927.91562 | N25: =H25+K25 -> 1
A26: 2.3 | B26: Retirada de caixas/quadros elétricos | C26: und | D26: 1 | E26: 17.773946 | F26: 0 | G26: =F26*E26 -> 0 | H26: =F26/D26 -> 0 | I26: 1 | J26: =I26*E26 -> 17.773946 | K26: =I26/D26 -> 1 | L26: =F26+I26 -> 1 | M26: =G26+J26 -> 17.773946 | N26: =H26+K26 -> 1
A27: 2.4 | B27: Retirada de poste de aço de 4 a 6 m | C27: und | D27: 1 | E27: 47.861168 | F27: 0 | G27: =F27*E27 -> 0 | H27: =F27/D27 -> 0 | I27: 0 | J27: =I27*E27 -> 0 | K27: =I27/D27 -> 0 | L27: =F27+I27 -> 0 | M27: =G27+J27 -> 0 | N27: =H27+K27 -> 0
A28: 2.5 | B28: Retirada de pontos elétricos (luminárias, interruptores e tomadas) | C28: und | D28: 12 | E28: 12.812945 | F28: 0 | G28: =F28*E28 -> 0 | H28: =F28/D28 -> 0 | I28: 12 | J28: =I28*E28 -> 153.75534 | K28: =I28/D28 -> 1 | L28: =F28+I28 -> 12 | M28: =G28+J28 -> 153.75534 | N28: =H28+K28 -> 1
A29: 2.6 | B29: Remoção de pintura antiga a óleo ou esmalte | C29: m2 | D29: 228.96 | E29: 15.906135 | F29: 0 | G29: =F29*E29 -> 0 | H29: =F29/D29 -> 0 | I29: 228.96 | J29: =I29*E29 -> 3641.8687 | K29: =I29/D29 -> 1 | L29: =F29+I29 -> 228.96 | M29: =G29+J29 -> 3641.8687 | N29: =H29+K29 -> 1
A30: 2.7 | B30: Lixamento manual em superfícies metálicas em obra | C30: m2 | D30: 129.3 | E30: 10.150422 | F30: 0 | G30: =F30*E30 -> 0 | H30: =F30/D30 -> 0 | I30: 124.9 | J30: =I30*E30 -> 1267.7877 | K30: =I30/D30 -> 0.96597061 | L30: =F30+I30 -> 124.9 | M30: =G30+J30 -> 1267.7877 | N30: =H30+K30 -> 0.96597061
A31: 2.8 | B31: Abertura e fechamento de rasgos em alvenaria, para passagem de eletroduto diâm. 1 1/4"a 2" | C31: m | D31: 4.5 | E31: 22.437525 | F31: 0 | G31: =F31*E31 -> 0 | H31: =F31/D31 -> 0 | I31: 1.5 | J31: =I31*E31 -> 33.656287 | K31: =I31/D31 -> 0.33333333 | L31: =F31+I31 -> 1.5 | M31: =G31+J31 -> 33.656287 | N31: =H31+K31 -> 0.33333333
A32: 2.9 | B32: Escavação manual em material de 1a. categoria, até 1.50 m de profundidade | C32: m3 | D32: 2.42 | E32: 68.549851 | F32: 0 | G32: =F32*E32 -> 0 | H32: =F32/D32 -> 0 | I32: 2.42 | J32: =I32*E32 -> 165.89064 | K32: =I32/D32 -> 1 | L32: =F32+I32 -> 2.42 | M32: =G32+J32 -> 165.89064 | N32: =H32+K32 -> 1
A33: 2.10 | B33: Retirada de grades, gradis, alambrados, cercas e portões | C33: m2 | D33: 204.56 | E33: 21.093177 | F33: 0 | G33: =F33*E33 -> 0 | H33: =F33/D33 -> 0 | I33: 204.56 | J33: =I33*E33 -> 4314.8203 | K33: =I33/D33 -> 1 | L33: =F33+I33 -> 204.56 | M33: =G33+J33 -> 4314.8203 | N33: =H33+K33 -> 1
A34: 3 | B34: INFRAESTRUTURA | J34: =SUM(J35:J38) -> 1960.6643 | M34: =SUM(M35:M38) -> 1960.6643
A35: 3.1 | B35: Fôrma de chapa compensada resinada 12mm, levando-se em conta a utilização 3 vezes (incluido o material, corte, montagem, escoramento e desfôrma) | C35: m2 | D35: 9 | E35: 100.01711 | F35: 0 | G35: =F35*E35 -> 0 | H35: =F35/D35 -> 0 | I35: 9 | J35: =I35*E35 -> 900.154 | K35: =I35/D35 -> 1 | L35: =F35+I35 -> 9 | M35: =G35+J35 -> 900.154 | N35: =H35+K35 -> 1
A36: 3.2 | B36: Fornecimento, preparo e aplicação de concreto Fck=25 MPa (brita 1 e 2) - (5% de perdas já incluído no custo) | C36: m3 | D36: 0.5625 | E36: 868.56777 | F36: 0 | G36: =F36*E36 -> 0 | H36: =F36/D36 -> 0 | I36: 0.5625 | J36: =I36*E36 -> 488.56937 | K36: =I36/D36 -> 1 | L36: =F36+I36 -> 0.5625 | M36: =G36+J36 -> 488.56937 | N36: =H36+K36 -> 1
A37: 3.3 | B37: Fornecimento, dobragem e colocação em fôrma, de armadura CA-60 B fina, diâmetro de 4.0 a 7.0mm | C37: kg | D37: 8.5 | E37: 14.371437 | F37: 0 | G37: =F37*E37 -> 0 | H37: =F37/D37 -> 0 | I37: 8.5 | J37: =I37*E37 -> 122.15721 | K37: =I37/D37 -> 1 | L37: =F37+I37 -> 8.5 | M37: =G37+J37 -> 122.15721 | N37: =H37+K37 -> 1
A38: 3.4 | B38: Fornecimento, dobragem e colocação em fôrma, de armadura CA-50 A média, diâmetro de 6.3 a 10.0 mm | C38: kg | D38: 33.31 | E38: 13.502964 | F38: 0 | G38: =F38*E38 -> 0 | H38: =F38/D38 -> 0 | I38: 33.31 | J38: =I38*E38 -> 449.78374 | K38: =I38/D38 -> 1 | L38: =F38+I38 -> 33.31 | M38: =G38+J38 -> 449.78374 | N38: =H38+K38 -> 1
A39: 4 | B39: PAREDES E PAINÉIS | J39: =SUM(J40:J41) -> 133.20347 | M39: =SUM(M40:M41) -> 133.20347
A40: 4.1 | B40: Chapisco de argamassa de cimento e areia média ou grossa lavada, no traço 1:3, espessura 5 mm | C40: m2 | D40: 3.5 | E40: 8.5895509 | F40: 0 | G40: =F40*E40 -> 0 | H40: =F40/D40 -> 0 | I40: 3.5 | J40: =I40*E40 -> 30.063428 | K40: =I40/D40 -> 1 | L40: =F40+I40 -> 3.5 | M40: =G40+J40 -> 30.063428 | N40: =H40+K40 -> 1
A41: 4.2 | B41: Reboco de argamassa de cimento, cal hidratada CH1 e areia média ou grossa lavada no traço 1:0.5:6, espessura 5mm | C41: m2 | D41: 3.5 | E41: 29.468584 | F41: 0 | G41: =F41*E41 -> 0 | H41: =F41/D41 -> 0 | I41: 3.5 | J41: =I41*E41 -> 103.14004 | K41: =I41/D41 -> 1 | L41: =F41+I41 -> 3.5 | M41: =G41+J41 -> 103.14004 | N41: =H41+K41 -> 1
A42: 5 | B42: PISOS E REVESTIMENTOS | J42: =SUM(J43) -> 0 | M42: =SUM(M43) -> 0
A43: 5.1 | B43: Chapim sobre muros lineares, em granito ou mármore, l = 25 cm, assentado com argamassa 1:6 com aditivo. Af_11/2020 | C43: m | D43: 1.5 | E43: 101.49736 | F43: 0 | G43: =F43*E43 -> 0 | H43: =F43/D43 -> 0 | I43: 0 | J43: =I43*E43 -> 0 | K43: =I43/D43 -> 0 | L43: =F43+I43 -> 0 | M43: =G43+J43 -> 0 | N43: =H43+K43 -> 0
A44: 6. | B44: QUADRA DE ESPORTES | J44: =SUM(J45:J54) -> 40894.545 | M44: =SUM(M45:M54) -> 40894.545
A45: 6.1 | B45: Pintura à base de epoxi, marcas de referência Suvinil, Coral ou Novacor, em faixas com largura de 5cm, para demarcação de quadras de esportes | C45: m | D45: 202.82 | E45: 12.122926 | F45: 0 | G45: =F45*E45 -> 0 | H45: =F45/D45 -> 0 | I45: 202.82 | J45: =I45*E45 -> 2458.7718 | K45: =I45/D45 -> 1 | L45: =F45+I45 -> 202.82 | M45: =G45+J45 -> 2458.7718 | N45: =H45+K45 -> 1
A46: 6.2 | B46: Pintura a base de epoxi, marcas de referência Suvinil, Coral ou Novacor, em faixas largura de 8cm para demarcação de quadra de esportes | C46: m | D46: 115.46 | E46: 13.78849 | F46: 0 | G46: =F46*E46 -> 0 | H46: =F46/D46 -> 0 | I46: 115.46 | J46: =I46*E46 -> 1592.019 | K46: =I46/D46 -> 1 | L46: =F46+I46 -> 115.46 | M46: =G46+J46 -> 1592.019 | N46: =H46+K46 -> 1
A47: 6.3 | B47: Pintura com tinta à base de resinas acrílicas, marcas de referencia Suvinil, Coral ou Novacor, sobre piso de concreto a duas demãos | C47: m2 | D47: 523.96 | E47: 48.229971 | F47: 0 | G47: =F47*E47 -> 0 | H47: =F47/D47 -> 0 | I47: 523.96 | J47: =I47*E47 -> 25270.576 | K47: =I47/D47 -> 1 | L47: =F47+I47 -> 523.96 | M47: =G47+J47 -> 25270.576 | N47: =H47+K47 -> 1
A48: 6.4 | B48: Placa de sinalização de segurança CODIGO 14 - 315/158(NBR 13.434); CÓDIGO S3(NT 14/2010-ES) ("SAIDA DE EMERGÊNCIA" - seta vertical) | C48: und | D48: 2 | E48: 31.586229 | F48: 0 | G48: =F48*E48 -> 0 | H48: =F48/D48 -> 0 | I48: 0 | J48: =I48*E48 -> 0 | K48: =I48/D48 -> 0 | L48: =F48+I48 -> 0 | M48: =G48+J48 -> 0 | N48: =H48+K48 -> 0
A49: 6.5 | B49: Rede para futebol de salão | C49: und | D49: 2 | E49: 181.71302 | F49: 0 | G49: =F49*E49 -> 0 | H49: =F49/D49 -> 0 | I49: 2 | J49: =I49*E49 -> 363.42604 | K49: =I49/D49 -> 1 | L49: =F49+I49 -> 2 | M49: =G49+J49 -> 363.42604 | N49: =H49+K49 -> 1
A50: 6.6 | B50: Trinco redondo vertical ferro galvanizado 15cm | C50: un | D50: 1 | E50: 53.095547 | F50: 0 | G50: =F50*E50 -> 0 | H50: =F50/D50 -> 0 | I50: 1 | J50: =I50*E50 -> 53.095547 | K50: =I50/D50 -> 1 | L50: =F50+I50 -> 1 | M50: =G50+J50 -> 53.095547 | N50: =H50+K50 -> 1
A51: 6.7 | B51: Reinstalação de alambrado de quadra poliesportiva | C51: m2 | D51: 204.56 | E51: 21.087228 | F51: 0 | G51: =F51*E51 -> 0 | H51: =F51/D51 -> 0 | I51: 204.56 | J51: =I51*E51 -> 4313.6035 | K51: =I51/D51 -> 1 | L51: =F51+I51 -> 204.56 | M51: =G51+J51 -> 4313.6035 | N51: =H51+K51 -> 1
A52: 6.9 | B52: Tabela de basquete de madeira, com aro, inclusive colocação | C52: und | D52: 2 | E52: 1214.8028 | F52: 0 | G52: =F52*E52 -> 0 | H52: =F52/D52 -> 0 | I52: 2 | J52: =I52*E52 -> 2429.6056 | K52: =I52/D52 -> 1 | L52: =F52+I52 -> 2 | M52: =G52+J52 -> 2429.6056 | N52: =H52+K52 -> 1
A53: 6.10 | B53: Trave para futebol de salão de tubo de ferro galvanizado 3", com recuo, removível, dimensões oficiais 3x2m | C53: und | D53: 2 | E53: 2206.7239 | F53: 0 | G53: =F53*E53 -> 0 | H53: =F53/D53 -> 0 | I53: 2 | J53: =I53*E53 -> 4413.4478 | K53: =I53/D53 -> 1 | L53: =F53+I53 -> 2 | M53: =G53+J53 -> 4413.4478 | N53: =H53+K53 -> 1
A54: 6.11 | B54: Rede de proteção em nylon malha 10x10 cm para proteção de quadra de esportes | C54: m2 | D54: 81.85 | E54: 24.852593 | F54: 0 | G54: =F54*E54 -> 0 | H54: =F54/D54 -> 0 | I54: 0 | J54: =I54*E54 -> 0 | K54: =I54/D54 -> 0 | L54: =F54+I54 -> 0 | M54: =G54+J54 -> 0 | N54: =H54+K54 -> 0
A55: 7 | B55: INSTALAÇÕES ELÉTRICAS | J55: =SUM(J56:J63) -> 16784.125 | M55: =SUM(M56:M63) -> 16784.125
A56: 7.1 | B56: Mureta de medição utilizando arg. cimento, cal e areia, dimensões 1100x2000x200mm, com pilares e cintas, revestido com chapisco e reboco, inclusive pintura emassamento e pintura acrílica a três demãos, exclusive cobertura | C56: und | D56: 1 | E56: 1737.6709 | F56: 0 | G56: =F56*E56 -> 0 | H56: =F56/D56 -> 0 | I56: 1 | J56: =I56*E56 -> 1737.6709 | K56: =I56/D56 -> 1 | L56: =F56+I56 -> 1 | M56: =G56+J56 -> 1737.6709 | N56: =H56+K56 -> 1
A57: 7.2 | B57: Padrão de entrada de energia elétrica, trifásico, entrada aérea, a 4 fios, carga instalada em muro de 57001 até 75000W - 220/127V | C57: und | D57: 1 | E57: 9804.4965 | F57: 0 | G57: =F57*E57 -> 0 | H57: =F57/D57 -> 0 | I57: 1 | J57: =I57*E57 -> 9804.4965 | K57: =I57/D57 -> 1 | L57: =F57+I57 -> 1 | M57: =G57+J57 -> 9804.4965 | N57: =H57+K57 -> 1
A58: 7.3 | B58: Quadro de distribuição de energia, de embutir, com 18 divisões modulares, com barramento | C58: und | D58: 1 | E58: 619.92288 | F58: 0 | G58: =F58*E58 -> 0 | H58: =F58/D58 -> 0 | I58: 1 | J58: =I58*E58 -> 619.92288 | K58: =I58/D58 -> 1 | L58: =F58+I58 -> 1 | M58: =G58+J58 -> 619.92288 | N58: =H58+K58 -> 1
A59: 7.4 | B59: Quadro de distribuição de energia, de embutir, com 32 divisões modulares, com barramento | C59: und | D59: 1 | E59: 816.82822 | F59: 0 | G59: =F59*E59 -> 0 | H59: =F59/D59 -> 0 | I59: 1 | J59: =I59*E59 -> 816.82822 | K59: =I59/D59 -> 1 | L59: =F59+I59 -> 1 | M59: =G59+J59 -> 816.82822 | N59: =H59+K59 -> 1
A60: 7.5 | B60: Refletor Slim LED 200W de potência, branco Frio, 6500k, Bivolt | C60: un | D60: 12 | E60: 193.81929 | F60: 0 | G60: =F60*E60 -> 0 | H60: =F60/D60 -> 0 | I60: 12 | J60: =I60*E60 -> 2325.8315 | K60: =I60/D60 -> 1 | L60: =F60+I60 -> 12 | M60: =G60+J60 -> 2325.8315 | N60: =H60+K60 -> 1
A61: 7.6 | B61: Caixa de inspeção de alvenaria de blocos cerâmicos 10 furos 10x20x20cm dimensões de 30x30x60cm, com revestimento interno em chapisco e reboco, tampa de concreto esp.5cm e lastro de brita 5 cm | C61: und | D61: 2 | E61: 281.80151 | F61: 0 | G61: =F61*E61 -> 0 | H61: =F61/D61 -> 0 | I61: 2 | J61: =I61*E61 -> 563.60303 | K61: =I61/D61 -> 1 | L61: =F61+I61 -> 2 | M61: =G61+J61 -> 563.60303 | N61: =H61+K61 -> 1
A62: 7.7 | B62: Eletroduto PEAD parede simples, corrugado, cor preta, diâmetro 2", referencia Kanaflex, Plastibras ou equivalente | C62: m | D62: 39.5 | E62: 32.311939 | F62: 0 | G62: =F62*E62 -> 0 | H62: =F62/D62 -> 0 | I62: 27.8 | J62: =I62*E62 -> 898.27191 | K62: =I62/D62 -> 0.70379747 | L62: =F62+I62 -> 27.8 | M62: =G62+J62 -> 898.27191 | N62: =H62+K62 -> 0.70379747
A63: 7.8 | B63: Caixa de embutir marca de referência Tigreflex, 4x4" | C63: und | D63: 1 | E63: 17.500318 | F63: 0 | G63: =F63*E63 -> 0 | H63: =F63/D63 -> 0 | I63: 1 | J63: =I63*E63 -> 17.500318 | K63: =I63/D63 -> 1 | L63: =F63+I63 -> 1 | M63: =G63+J63 -> 17.500318 | N63: =H63+K63 -> 1
A64: 8 | B64: PINTURA | J64: =SUM(J66:J68) -> 12538.857 | M64: =SUM(M66:M68) -> 12538.857
A65: 8.1 | B65: SOBRE METAL
A66: 8.1.1 | B66: Pintura sobre metal, aplicação manual, com duas demãos de tinta esmalte sintético, referência Suvinil, Coral ou Metalatex, inclusive uma demão de fundo anticorrosivo | C66: m2 | D66: 129.3 | E66: 56.188987 | F66: 0 | G66: =F66*E66 -> 0 | H66: =F66/D66 -> 0 | I66: 124.9 | J66: =I66*E66 -> 7018.0045 | K66: =I66/D66 -> 0.96597061 | L66: =F66+I66 -> 124.9 | M66: =G66+J66 -> 7018.0045 | N66: =H66+K66 -> 0.96597061
A67: 8.2 | B67: SOBRE PAREDES E FORROS
A68: 8.2.1 | B68: Pintura sobre paredes e forros, aplicação manual, com duas demãos de tinta látex acrílico premium, acabamento fosco, referência Suvinil, Coral e Metalatex, inclusive uma demão de liquido selador acrílico, referência Suvinil, Coral ou Metalatex | C68: m2 | D68: 206.34 | E68: 26.756094 | F68: 0 | G68: =F68*E68 -> 0 | H68: =F68/D68 -> 0 | I68: 206.34 | J68: =I68*E68 -> 5520.8525 | K68: =I68/D68 -> 1 | L68: =F68+I68 -> 206.34 | M68: =G68+J68 -> 5520.8525 | N68: =H68+K68 -> 1
A69: 9 | B69: SERVIÇOS COMPLEMENTARES | J69: =SUM(J70) -> 813.06405 | M69: =SUM(M70) -> 813.06405
A70: 9.1 | B70: Limpeza geral de obras (quadras, praças e jardins) | C70: m2 | D70: 551.15 | E70: 1.4752137 | F70: 0 | G70: =F70*E70 -> 0 | H70: =F70/D70 -> 0 | I70: 551.15 | J70: =I70*E70 -> 813.06405 | K70: =I70/D70 -> 1 | L70: =F70+I70 -> 551.15 | M70: =G70+J70 -> 813.06405 | N70: =H70+K70 -> 1
A71: 10 | B71: ADMINISTRAÇÃO LOCAL | J71: =SUM(J72) -> 3928.5438 | M71: =SUM(M72) -> 3928.5438
A72: 10.1 | B72: Administração local | C72: und | D72: 1 | E72: 4179.3019 | F72: 0 | G72: =F72*E72 -> 0 | H72: =F72/D72 -> 0 | I72: 0.94 | J72: =I72*E72 -> 3928.5438 | K72: =I72/D72 -> 0.94 | L72: =F72+I72 -> 0.94 | M72: =G72+J72 -> 3928.5438 | N72: =H72+K72 -> 0.94
A73: TOTAIS | J73: =J20+J23+J34+J39+J42+J44+J55+J64+J69+J71 -> 88174.492 | M73: =M20+M23+M34+M39+M42+M44+M55+M64+M69+M71 -> 88174.492
A75: VALOR TOTAL DO CONTRATO | C75: R$ 93.400,00 | J75: POSIÇÃO FINANCEIRA DO CONTRATO
F76: =I18 -> MEDIÇÃO 01 | H76: =J73/C75 -> 0.94405238 | J76: =I18 -> MEDIÇÃO 01 | L76: =J73 -> 88174.492
A77: ___________________________________________________________________________ | F77: % ACUMULADO | H77: =L77/C75 -> 0.94405238 | J77: ACUMULADO | L77: =M73 -> 88174.492
F78: %SALDO | H78: =100%-H77 -> 0.055947621 | J78: SALDO | L78: =C75-L77 -> 5225.5078
B80: JHONATAN DE OLIVEIRA RECKEL
B81: Engenheiro Civil
B82: CREA ES 50835/D
B83: Fiscal da Obra

Sheet MEMO CALCULO 01
B2: PREFEITURA MUNICIPAL DE SÃO ROQUE DO CANAÃ
B8: MEMÓRIA DE CÁLCULO 1ª MEDIÇÃO
B9: OBRA: Reforma da quadra da EMEIEF “JOSEPHIR BOSCHETTI” | D9: DATA: 20/02/2025
B10: LOCAL: Comunidade de São Dalmácio, zona rural, s/n, Distrito Sede, São Roque do Canaã
B11: ITEM | C11: DESCRIÇÃO | D11: UND | E11: QUANT.
B12: 1 | C12: =VLOOKUP(B12,'MEDIÇÃO 1'!$A$20:$C$73,2,0) -> INSTALAÇÃO DO CANTEIRO DE OBRAS
B13: 1.1 | C13: =VLOOKUP($B13,'MEDIÇÃO 1'!$A$20:$C$72,2,0) -> Placa de obra nas dimensões de 2.0 x 4.0 m, padrão DER | D13: =VLOOKUP($B13,'MEDIÇÃO 1'!$A$20:$C$72,3,0) -> m2 | E13: =SUM(D14) -> 2
B14: Placa de Obra: 1,00 m x 2,00 m = 2,00 m² | D14: 2
B16: 2 | C16: =VLOOKUP(B16,'MEDIÇÃO 1'!$A$20:$C$73,2,0) -> SERVIÇOS PRELIMINARES
B17: 2.1 | C17: =VLOOKUP($B17,'MEDIÇÃO 1'!$A$20:$C$72,2,0) -> Demolição de alvenaria | D17: =VLOOKUP($B17,'MEDIÇÃO 1'!$A$20:$C$72,3,0) -> m3 | E17: =SUM(D18) -> 0.2
B18: Demolição do Padrão de energia: 1,50 m x 2,10 m x 0,30 m = 0,95 m³ (1,40 m x 0,72 m x 0,20 m): 0,20 m³ | D18: 0.2 | G18: =1.4*0.72*0.2 -> 0.2016
B19: 2.2 | C19: =VLOOKUP($B19,'MEDIÇÃO 1'!$A$20:$C$72,2,0) -> Lixamento de parede com pintura antiga PVA para recebimento de nova camada de tinta | D19: =VLOOKUP($B19,'MEDIÇÃO 1'!$A$20:$C$72,3,0) -> m2 | E19: =SUM(D20:D23) -> 206.34
B20: Lixamento parede fachada: 32,11 m² x 3 paredes + 17,95 m x 0,15 m x 2 paredes + 1,45 m x 0,15 m x 4 paredes = 102,58 m² | D20: 102.58
B21: Lixamento paredes laterais: 16,66 m² x 4 lados + (0,95 m + 3,58 m + 5,80 m + 5,80 m + 5,80 m + 3,58 m + 0,95) x 0,15 m + (5,80 m + 5,83 m + 5,83 m + 5,83 m + 5,71 m) x 0,15 m + (0,55 m x 0,15 m x 4 paredes) = 75,29 m² | D21: 75.29
B22: Lixamento pilares = (0,40 m + 0,45 m + 0,55 m + 0,12 m) x 0,65 m x 4 pilares + 0,15 m² x 4 pilares + (0,40 m + 0,40 m + 0,45 m) x 0,65 m x 8 pilares + 0,13 m² x 8 pilares = 12,09m² | D22: 12.09
B23: Suporte Basquete: 16,38 m² | D23: 16.38
B24: 2.3 | C24: =VLOOKUP($B24,'MEDIÇÃO 1'!$A$20:$C$72,2,0) -> Retirada de caixas/quadros elétricos | D24: =VLOOKUP($B24,'MEDIÇÃO 1'!$A$20:$C$72,3,0) -> und | E24: =SUM(D25) -> 1
B25: 1,00 und | D25: 1
B26: 2.4 | C26: =VLOOKUP($B26,'MEDIÇÃO 1'!$A$20:$C$72,2,0) -> Retirada de poste de aço de 4 a 6 m | D26: =VLOOKUP($B26,'MEDIÇÃO 1'!$A$20:$C$72,3,0) -> und | E26: =SUM(D27) -> 0
B27: 0,00 und (retirada desnecessária) | D27: 0
B28: 2.5 | C28: =VLOOKUP($B28,'MEDIÇÃO 1'!$A$20:$C$72,2,0) -> Retirada de pontos elétricos (luminárias, interruptores e tomadas) | D28: =VLOOKUP($B28,'MEDIÇÃO 1'!$A$20:$C$72,3,0) -> und | E28: =SUM(D29) -> 12
B29: Refletores: 12,00 und | D29: 12
B30: 2.6 | C30: =VLOOKUP($B30,'MEDIÇÃO 1'!$A$20:$C$72,2,0) -> Remoção de pintura antiga a óleo ou esmalte | D30: =VLOOKUP($B30,'MEDIÇÃO 1'!$A$20:$C$72,3,0) -> m2 | E30: =SUM(D31:D32) -> 228.96
B31: Área das linhas: (0,05m x 202,82m) + (0,08m x 115,46m).: 19,38 m² | D31: 19.38
B32: Área da pintura nova: 523,96 m² x 40% = 209,58 m² | D32: 209.58
B33: 2.7 | C33: =VLOOKUP($B33,'MEDIÇÃO 1'!$A$20:$C$72,2,0) -> Lixamento manual em superfícies metálicas em obra | D33: =VLOOKUP($B33,'MEDIÇÃO 1'!$A$20:$C$72,3,0) -> m2 | E33: =SUM(D34:D38) -> 124.9
B34: Pilares = (( 5,15 m x 0,40 m x 2 lados) + (5,15 m x 0,20 m x 2 lados)) x 10 pilares = 61,80 m² | D34: 61.8
B35: Tubos Verticais: 2 x 3,14 x 0,025 m x 2,80 m x 30 tubos + 2 x 3,14 x 0,025 m x 2,80 m x 8 tubos + 2 x 3,14 x 0,025 x 1,35 m x 16 tubos = 20,10 m² | D35: 20.1
B36: Tubos Horizontais: 2 x 3,14 x 0,025 m x 5,81 m x 28 tubos + 2 x 3,14 x 0,025 m x 0,90 m x 2 tubos + 2 x 3,14 x 0,025 m x 3,53 m x 2 tubos + 2 x 3,14 x 0,025 m x 17,95 m x 4 tubos + 2 x 3,14 x 0,025 m x 2,00 m x 4 tubos = 39,46 m² | D36: 39.46
B37: Portões: 2 x 3,14 x 0,025 m x 1,95 m x 4 tubos + 2 x 3,14 x 0,025 m x 1,13 m x 4 tubos + 2 x 3,14 x 0,015 m x 2,13 m x 8 tubos = 3,54 m² | D37: 3.54
B38: Trave = 2 x 3,14 x 0,0375 m x 3,00 m (tubo) + 2 x 3,14 x 0,0375 m x 2,00 m x 2 tubos + 2 x 3,14 x 0,0125 m x 3,00 m (tubo) + 2 x 3,14 x 0,0125 m x 2,00 m x 2 tubos = 2,20 m² x 2 traves = 4,40 (substituída por nova) | D38: 0
B39: 2.8 | C39: =VLOOKUP($B39,'MEDIÇÃO 1'!$A$20:$C$72,2,0) -> Abertura e fechamento de rasgos em alvenaria, para passagem de eletroduto diâm. 1 1/4"a 2" | D39: =VLOOKUP($B39,'MEDIÇÃO 1'!$A$20:$C$72,3,0) -> m | E39: =SUM(D40) -> 1.5
B40: 3,00 metros subida + 1,50 metros até a espera do quadro de distribuição. Total.: 1,50m | D40: 1.5
B41: 2.9 | C41: =VLOOKUP($B41,'MEDIÇÃO 1'!$A$20:$C$72,2,0) -> Escavação manual em material de 1a. categoria, até 1.50 m de profundidade | D41: =VLOOKUP($B41,'MEDIÇÃO 1'!$A$20:$C$72,3,0) -> m3 | E41: =SUM(D42) -> 2.42
B42: Profundidade.: 0,70 m x 0,15 m x 23,00 m.: 2,42m³ para passagem do tubo de espera. | D42: 2.42
B43: 2.10 | C43: =VLOOKUP($B43,'MEDIÇÃO 1'!$A$20:$C$72,2,0) -> Retirada de grades, gradis, alambrados, cercas e portões | D43: =VLOOKUP($B43,'MEDIÇÃO 1'!$A$20:$C$72,3,0) -> m2 | E43: =SUM(D44) -> 204.56
B44: Alambrado: 71,46 m² x 2 lados + 1,96 m² x 2 lados + 28,86 m² x 2 lados = 204,56 m² | D44: 204.56
B46: 3 | C46: =VLOOKUP(B46,'MEDIÇÃO 1'!$A$20:$C$73,2,0) -> INFRAESTRUTURA
B47: 3.1 | C47: =VLOOKUP(B47,'MEDIÇÃO 1'!$A$20:$C$73,2,0) -> Fôrma de chapa compensada resinada 12mm, levando-se em conta a utilização 3 vezes (incluido o material, corte, montagem, escoramento e desfôrma) | D47: =VLOOKUP(B47,'MEDIÇÃO 1'!$A:$N,3,0) -> m2 | E47: =SUM(D48:D49) -> 9
B48: POSTE DE CONCRETO DE 7m EMBUTIDO NO PADRÃO DE ENERGIA (25X25) | E48: =D48 -> 0
B49: 0,25m x 4 lados x 7 m (poste) + 0,25 m x 4 lados x 2 m (broca): 9,00 m² | D49: 9
B50: 3.2 | C50: =VLOOKUP(B50,'MEDIÇÃO 1'!$A$20:$C$73,2,0) -> Fornecimento, preparo e aplicação de concreto Fck=25 MPa (brita 1 e 2) - (5% de perdas já incluído no custo) | D50: =VLOOKUP(B50,'MEDIÇÃO 1'!$A:$N,3,0) -> m3 | E50: =SUM(D51:D52) -> 0.56
B51: POSTE DE CONCRETO DE 7m EMBUTIDO NO PADRÃO DE ENERGIA (25X25) | E51: =D51 -> 0
B52: 0,25 m x 0,25m x 7 m (poste) + 0,25 m x 0,25 m x 2 m (broca): 0,5625m³ | C52: 0.56 | D52: 0.56
B53: 3.3 | C53: =VLOOKUP(B53,'MEDIÇÃO 1'!$A$20:$C$73,2,0) -> Fornecimento, dobragem e colocação em fôrma, de armadura CA-60 B fina, diâmetro de 4.0 a 7.0mm | D53: =VLOOKUP(B53,'MEDIÇÃO 1'!$A:$N,3,0) -> kg | E53: =SUM(D54:D56) -> 8.5
B54: POSTE DE CONCRETO DE 7m EMBUTIDO NO PADRÃO DE ENERGIA (25X25)
B55: Estribo: Ø 5.00 mm a cada 0,15 m: 0,20 m x 4 lados + 0,06 m dobra em 2 lados.: 0,92 m. Quantidade.: 7,00 m/0,15 m (espaçamento). 47 estribos de 0,92 m.: 43,24m x 0,154 kg/m = 6,66 Kg | C55: 6.66 | D55: 6.66
B56: Estribo: Ø 5.00 mm a cada 0,15 m: 0,20 m x 4 lados + 0,06 m dobra em 2 lados.: 0,92 m. Quantidade.: 2,00 m (broca de fundação)/0,15 m (espaçamento). 13 estribos de 0,92m.: 11,96 m x 0,154 kg/m = 1,84 Kg | C56: 1.84 | D56: 1.84
B57: 3.4 | C57: =VLOOKUP(B57,'MEDIÇÃO 1'!$A$20:$C$73,2,0) -> Fornecimento, dobragem e colocação em fôrma, de armadura CA-50 A média, diâmetro de 6.3 a 10.0 mm | D57: =VLOOKUP(B57,'MEDIÇÃO 1'!$A:$N,3,0) -> kg | E57: =SUM(D58:D60) -> 33.31
B58: POSTE DE CONCRETO DE 7m EMBUTIDO NO PADRÃO DE ENERGIA (25X25)
B59: 1 Pilar de Centro 6Ø 10.0mm = 7,00 m x 6 barras x 0,617 Kg/m = 25,91 Kg | C59: 25.91 | D59: 25.91
B60: Fundação do Poste: Broca de 2,00 m com 6Ø 10.0mm = 2,00 m x 6 barras x 0,617 Kg/m = 7,40 Kg | C60: 7.4 | D60: 7.4
B62: 4 | C62: =VLOOKUP(B62,'MEDIÇÃO 1'!$A$20:$C$73,2,0) -> PAREDES E PAINÉIS
B63: 4.1 | C63: =VLOOKUP(B63,'MEDIÇÃO 1'!$A$20:$C$73,2,0) -> Chapisco de argamassa de cimento e areia média ou grossa lavada, no traço 1:3, espessura 5 mm | D63: =VLOOKUP(B63,'MEDIÇÃO 1'!$A:$N,3,0) -> m2 | E63: =SUM(D64) -> 3.5
B64: Muro da quadra: 3,50 m² | D64: 3.5
B65: 4.2 | C65: =VLOOKUP(B65,'MEDIÇÃO 1'!$A$20:$C$73,2,0) -> Reboco de argamassa de cimento, cal hidratada CH1 e areia média ou grossa lavada no traço 1:0.5:6, espessura 5mm | D65: =VLOOKUP(B65,'MEDIÇÃO 1'!$A:$N,3,0) -> m2 | E65: =SUM(D66:D66) -> 3.5
B66: Muro da quadra: 3,50 m² | D66: 3.5 | E66: =D66 -> 3.5
B68: 6. | C68: =VLOOKUP(B68,'MEDIÇÃO 1'!$A$20:$C$73,2,0) -> QUADRA DE ESPORTES
B69: 6.1 | C69: =VLOOKUP(B69,'MEDIÇÃO 1'!$A$20:$C$73,2,0) -> Pintura à base de epoxi, marcas de referência Suvinil, Coral ou Novacor, em faixas com largura de 5cm, para demarcação de quadras de esportes | D69: =VLOOKUP(B69,'MEDIÇÃO 1'!$A:$N,3,0) -> m | E69: =SUM(D70:D73) -> 202.82
B70: Linha de basquete: (2,15 m + 18,47 m + 2,15 m) x 2 linhas + (5,93 m x 4 linhas) + (5,62 m x 2 linhas) + (3,51 m x 2 linhas) + (0,21 m x 13 pontilhados x 2 lados) = 92,98 m | D70: 92.98
B71: Linha Voleibol: (18,28 m x 2 linhas + 8,91 m x 2 linhas) + (8,91 m x 2 linhas) = 72,20 m | D71: 72.2
B72: Linha Handebol: 0,20 m x 41 pontilhados x 2 linhas = 16,40 m | D72: 16.4
B73: Linha Futsal = 5,31 m x 4 linhas = 21,24 m | D73: 21.24
B74: 6.2 | C74: =VLOOKUP(B74,'MEDIÇÃO 1'!$A$20:$C$73,2,0) -> Pintura a base de epoxi, marcas de referência Suvinil, Coral ou Novacor, em faixas largura de 8cm para demarcação de quadra de esportes | D74: =VLOOKUP(B74,'MEDIÇÃO 1'!$A:$N,3,0) -> m | E74: =SUM(D75:D75) -> 115.46
B75: Linha Futsal = 26,10 m x 2 linhas + 14,86 m x 3 linhas + 9,34 m x 2 linhas = 115,46 m | D75: 115.46
B76: 6.3 | C76: =VLOOKUP(B76,'MEDIÇÃO 1'!$A$20:$C$73,2,0) -> Pintura com tinta à base de resinas acrílicas, marcas de referencia Suvinil, Coral ou Novacor, sobre piso de concreto a duas demãos | D76: =VLOOKUP(B76,'MEDIÇÃO 1'!$A:$N,3,0) -> m2 | E76: =SUM(D77:D79) -> 523.96
B77: Cor Cinza:144,55 m² | D77: 144.55
B78: Cor Laranja:155,80 m² | D78: 155.8
B79: Cor Azul:223,61 m² | D79: 223.61
B80: 6.4 | C80: =VLOOKUP(B80,'MEDIÇÃO 1'!$A$20:$C$73,2,0) -> Placa de sinalização de segurança CODIGO 14 - 315/158(NBR 13.434); CÓDIGO S3(NT 14/2010-ES) ("SAIDA DE EMERGÊNCIA" - seta vertical) | D80: =VLOOKUP(B80,'MEDIÇÃO 1'!$A:$N,3,0) -> und | E80: =SUM(D81:D81) -> 0
B81: 2,00 und (Portão de saída) (não instalada) | D81: 0
B82: 6.5 | C82: =VLOOKUP(B82,'MEDIÇÃO 1'!$A$20:$C$73,2,0) -> Rede para futebol de salão | D82: =VLOOKUP(B82,'MEDIÇÃO 1'!$A:$N,3,0) -> und | E82: =SUM(D83:D83) -> 2
B83: 2,00 und | D83: 2
B84: 6.6 | C84: =VLOOKUP(B84,'MEDIÇÃO 1'!$A$20:$C$73,2,0) -> Trinco redondo vertical ferro galvanizado 15cm | D84: =VLOOKUP(B84,'MEDIÇÃO 1'!$A:$N,3,0) -> un | E84: =SUM(D85:D85) -> 1
B85: Portão lado esquerdo da quadra: 1,00 und | D85: 1
B86: 6.7 | C86: =VLOOKUP(B86,'MEDIÇÃO 1'!$A$20:$C$73,2,0) -> Reinstalação de alambrado de quadra poliesportiva | D86: =VLOOKUP(B86,'MEDIÇÃO 1'!$A:$N,3,0) -> m2 | E86: =SUM(D87:D87) -> 204.56
B87: Alambrado: 71,46 m x 2 lados + 1,96 m x 2 lados + 28,86 m x 2 lados = 204,56 m² | D87: 204.56
B88: 6.9 | C88: =VLOOKUP(B88,'MEDIÇÃO 1'!$A$20:$C$73,2,0) -> Tabela de basquete de madeira, com aro, inclusive colocação | D88: =VLOOKUP(B88,'MEDIÇÃO 1'!$A:$N,3,0) -> und | E88: =SUM(D89:D89) -> 2
B89: 2,00 und | D89: 2
B90: 6.10 | C90: =VLOOKUP(B90,'MEDIÇÃO 1'!$A$20:$C$73,2,0) -> Trave para futebol de salão de tubo de ferro galvanizado 3", com recuo, removível, dimensões oficiais 3x2m | D90: =VLOOKUP(B90,'MEDIÇÃO 1'!$A:$N,3,0) -> und | E90: =SUM(D91:D93) -> 2
B91: 2,00 und | D91: 2
B93: 7 | C93: =VLOOKUP(B93,'MEDIÇÃO 1'!$A$20:$C$73,2,0) -> INSTALAÇÕES ELÉTRICAS
B94: 7.1 | C94: =VLOOKUP(B94,'MEDIÇÃO 1'!$A$20:$C$73,2,0) -> Mureta de medição utilizando arg. cimento, cal e areia, dimensões 1100x2000x200mm, com pilares e cintas, revestido com chapisco e reboco, inclusive pintura emassamento e pintura acrílica a três demãos, exclusive cobertura | D94: =VLOOKUP(B94,'MEDIÇÃO 1'!$A:$N,3,0) -> und | E94: =SUM(D95:D95) -> 1
B95: 1 und | D95: 1
B96: 7.2 | C96: =VLOOKUP(B96,'MEDIÇÃO 1'!$A$20:$C$73,2,0) -> Padrão de entrada de energia elétrica, trifásico, entrada aérea, a 4 fios, carga instalada em muro de 57001 até 75000W - 220/127V | D96: =VLOOKUP(B96,'MEDIÇÃO 1'!$A:$N,3,0) -> und | E96: =SUM(D97:D97) -> 1
B97: 1,00 und | D97: 1
B98: 7.3 | C98: =VLOOKUP(B98,'MEDIÇÃO 1'!$A$20:$C$73,2,0) -> Quadro de distribuição de energia, de embutir, com 18 divisões modulares, com barramento | D98: =VLOOKUP(B98,'MEDIÇÃO 1'!$A:$N,3,0) -> und | E98: =SUM(D99:D99) -> 1
B99: 1,00 und | D99: 1
B100: 7.4 | C100: =VLOOKUP(B100,'MEDIÇÃO 1'!$A$20:$C$73,2,0) -> Quadro de distribuição de energia, de embutir, com 32 divisões modulares, com barramento | D100: =VLOOKUP(B100,'MEDIÇÃO 1'!$A:$N,3,0) -> und | E100: =SUM(D101:D101) -> 1
B101: 1,00 und | D101: 1
B102: 7.5 | C102: =VLOOKUP(B102,'MEDIÇÃO 1'!$A$20:$C$73,2,0) -> Refletor Slim LED 200W de potência, branco Frio, 6500k, Bivolt | D102: =VLOOKUP(B102,'MEDIÇÃO 1'!$A:$N,3,0) -> un | E102: =SUM(D103:D103) -> 12
B103: 12,00 und | D103: 12
B104: 7.6 | C104: =VLOOKUP(B104,'MEDIÇÃO 1'!$A$20:$C$73,2,0) -> Caixa de inspeção de alvenaria de blocos cerâmicos 10 furos 10x20x20cm dimensões de 30x30x60cm, com revestimento interno em chapisco e reboco, tampa de concreto esp.5cm e lastro de brita 5 cm | D104: =VLOOKUP(B104,'MEDIÇÃO 1'!$A:$N,3,0) -> und | E104: =SUM(D105:D105) -> 2
B105: 2,00 und | D105: 2
B106: 7.7 | C106: =VLOOKUP(B106,'MEDIÇÃO 1'!$A$20:$C$73,2,0) -> Eletroduto PEAD parede simples, corrugado, cor preta, diâmetro 2", referencia Kanaflex, Plastibras ou equivalente | D106: =VLOOKUP(B106,'MEDIÇÃO 1'!$A:$N,3,0) -> m | E106: =SUM(D107:D107) -> 27.8
B107: Total: 20,00 (chão) +5,00 (chão) +0,90+1,00+4x0,15+0,15x2 (subida da laje).: 27,80 metros | D107: 27.8 | G107: =20+5+0.9+1+4*0.15+0.15*2 -> 27.8
B108: 7.8 | C108: =VLOOKUP(B108,'MEDIÇÃO 1'!$A$20:$C$73,2,0) -> Caixa de embutir marca de referência Tigreflex, 4x4" | D108: =VLOOKUP(B108,'MEDIÇÃO 1'!$A:$N,3,0) -> und | E108: =SUM(D109:D109) -> 1
B109: 1,00 und | D109: 1
B111: 8 | C111: =VLOOKUP(B111,'MEDIÇÃO 1'!$A$20:$C$73,2,0) -> PINTURA
B112: 8.1 | C112: =VLOOKUP(B112,'MEDIÇÃO 1'!$A$20:$C$73,2,0) -> SOBRE METAL
...
